 Dungeon Crawl Stone Soup version 0.30-a0-777-ga9a30cbeda (webtiles) character file.

Game seed: 12629588234643820687

658 mopl the Covert (level 7, -3/45 HPs)
             Began as an Octopode Brigand on Feb 14, 2023.
             Killed from afar by Dowan (25 damage)
             ... with a bolt of light
             ... on level 4 of the Dungeon.
             The game lasted 00:04:32 (3233 turns).

mopl the Covert (Octopode Brigand)                  Turns: 3233, Time: 00:04:32

Health: -3/45      AC:  1    Str: 11    XL:     7   Next: 55%
Magic:  7/7        EV: 13    Int: 15    God:
Gold:   221        SH:  0    Dex: 19    Spells: 6/6 levels left

rFire   . . .      SeeInvis .    a - +2 dagger
rCold   . . .      Faith    .    (no shield)
rNeg    . . .      Spirit   .    (helmet restricted)
rPois   .          Reflect  .    (no amulet)
rElec   .          Harm     .    q - +6 ring of dexterity
rCorr   .          Rampage  .    (no ring)
Will    .....                    (no ring)
Stlth   +++++                    (no ring)
HPRegen 0.27/turn                (no ring)
MPRegen 0.10/turn                (no ring)
                                 (no ring)
                                 (no ring)

@: no status effects
A: almost no armour, amphibious, 8 rings, camouflage 1, gelatinous body 1,
(nimble swimmer 1), tentacles
a: no special abilities


You were on level 4 of the Dungeon.
You visited 1 branch of the dungeon, and saw 4 of its levels.

You collected 221 gold pieces.

Inventory:

Hand Weapons
 a - a +2 dagger (weapon)
Missiles
 b - 8 poisoned darts (quivered)
 c - 3 curare-tipped darts
 s - 2 boomerangs
Magical Staves
 d - a staff of fire
Jewellery
 q - a +6 ring of dexterity (left tentacle)
Wands
 p - a wand of flame (39)
Scrolls
 e - 2 scrolls of identify {unknown}
 f - 2 scrolls of teleportation
 g - a scroll of vulnerability {unknown}
 h - a scroll of acquirement {unknown}
 i - a scroll of fog {unknown}
 k - a scroll of summoning {unknown}
 m - a scroll of brand weapon {unknown}
 o - a scroll of fear {unknown}
 t - a scroll of silence {unknown}
Potions
 j - a potion of magic {unknown}
 l - a potion of resistance {unknown}
 n - a potion of lignification {unknown}
 r - a potion of heal wounds {unknown}
 u - a potion of curing {unknown}


   Skills:
 - Level 2.0 Fighting
 + Level 4.9 Short Blades
 + Level 4.9 Throwing
 - Level 1.0 Dodging
 + Level 8.5 Stealth


You had 6 spell levels left.
You didn't know any spells.
Your spell library contained the following spells:

 Spells                   Type           Power      Damage    Failure   Level
 Apportation              Tloc           0%         N/A       26%         1
 Necrotise                Necr           0%         1d4       26%         1
 Summon Small Mammal      Summ           0%         N/A       26%         1
 Blink                    Tloc           0%         N/A       38%         2
 Lesser Beckoning         Tloc           0%         N/A       38%         2
 Momentum Strike          Conj/Tloc      0%         3d8       38%         2


Dungeon Overview and Level Annotations

Branches:
Dungeon (4/15)
 Temple: D:4-7

Altars:

Annotations:
D:4 Dowan, Duvessa


Innate Abilities, Weirdness & Mutations

You cannot wear most types of armour.
You are amphibious.
You can wear up to eight rings at the same time.
Your skin changes colour to match your surroundings (Stealth+).
Your rubbery body absorbs attacks. (AC +1, EV +1)
((You are camouflaged when in or above water. (Stealth+)))
You have tentacles for arms and can constrict up to eight enemies at once.


Message History

Duvessa misses you.
You barely miss Duvessa. You squeeze Duvessa.
Duvessa is moderately wounded.
You constrict Duvessa. Duvessa barely misses you.
You hit Duvessa.
Duvessa is moderately wounded.
You constrict Duvessa, but do no damage.
You completely miss Duvessa.
Duvessa is moderately wounded.
You constrict Duvessa. Duvessa hits you with a +0 short sword.
You hit Duvessa. You squeeze Duvessa.
Duvessa is heavily wounded.
You constrict Duvessa. Duvessa hits you with a +0 short sword!
* * * LOW HITPOINT WARNING * * *
You release your grip on Duvessa.
Duvessa hits you with a +0 short sword.
* * * LOW HITPOINT WARNING * * *
You climb upwards.
There is a stone staircase leading down here.
You start resting.
HP restored.
You climb downwards.
Level annotation: Dowan, Duvessa Duvessa hits you with a +0 short sword!
There is a stone staircase leading up, spattered with blood here.
You closely miss Duvessa. You grab Duvessa. You squeeze Duvessa.
Duvessa is moderately wounded.
You constrict Duvessa, but do no damage.
A hound comes into view.
Duvessa hits you with a +0 short sword!
The hound barks!
You hit Duvessa. You squeeze Duvessa, but do no damage.
Duvessa is heavily wounded.
You constrict Duvessa. Duvessa hits you with a +0 short sword!
You are too injured to fight recklessly!
You are too injured to fight recklessly!
You hit Duvessa but do no damage. You squeeze Duvessa.
Duvessa is severely wounded.
You constrict Duvessa.
Dowan zaps a wand.
The bolt of light hits you!!
Ouch! That really hurt!
You die...

#....#
#..#######
#.....#####.##
##.......##.##
#..........##
#..........##
#...e.......#
#...........#
#...........##
#......@.....#
..h...e.....##
..........###
#......####
#####.# #. #.
#.


You could see Duvessa, Dowan and a hound.

Vanquished Creatures
  Sigmund (D:3)
  A black bear (D:3)
  An ogre (D:4)
  An orc priest (D:3)
  2 orc wizards (D:3)
  Natasha (thrice) (D:2)
  Robin (D:3)
  5 adders
  A worm (D:2)
  7 orcs
  3 bats
  8 endoplasms
  6 giant cockroaches
  17 goblins
  4 hobgoblins
  3 jackals (D:3)
  3 quokkas
  3 ball pythons
  3 frilled lizards (D:1)
  5 kobolds
  4 rats
  A bush (D:1)
83 creatures vanquished.

Notes
Turn   | Place    | Note
-------+----------+-------------------------------------------
     0 | D:1      | mopl the Octopode Brigand began the quest for the Orb.
     0 | D:1      | Reached XP level 1. HP: 14/14 MP: 1/1
   201 | D:1      | Reached XP level 2. HP: 19/19 MP: 2/2
   821 | D:2      | Reached XP level 3. HP: 24/24 MP: 3/3
   892 | D:2      | Reached skill level 6 in Stealth
  1139 | D:2      | Reached XP level 4. HP: 29/29 MP: 4/4
  1191 | D:2      | Noticed Natasha
  1194 | D:2      | Killed Natasha
  1195 | D:2      | Reached skill level 3 in Short Blades
  1195 | D:2      | Reached skill level 3 in Throwing
  1407 | D:2      | Noticed Natasha
  1421 | D:2      | Killed Natasha
  1422 | D:2      | Reached XP level 5. HP: 32/34 MP: 5/5
  1603 | D:2      | Noticed Natasha
  1608 | D:2      | Killed Natasha
  2008 | D:3      | Reached skill level 7 in Stealth
  2055 | D:3      | Noticed Robin
  2223 | D:3      | Killed Robin
  2437 | D:3      | Reached XP level 6. HP: 35/39 MP: 6/6
  2459 | D:3      | Noticed Sigmund
  2467 | D:3      | Killed Sigmund
  2468 | D:3      | Reached skill level 4 in Short Blades
  2468 | D:3      | Reached skill level 4 in Throwing
  2468 | D:3      | Reached XP level 7. HP: 39/45 MP: 7/7
  2544 | D:3      | Reached skill level 8 in Stealth
  3015 | D:4      | Noticed Duvessa
  3015 | D:4      | Noticed Dowan
  3233 | D:4      | Killed from afar by Dowan

Illustrated notes

Levels and vault maps discovered:
D:1:      dpeg_arrival_three_same_balls, layout_basic, hangedman_glass_teeth,
          minmay_hedge_maze
D:2:      layout_basic, uniq_natasha
D:3:      kennysheep_goblin_castle, layout_basic, uniq_sigmund
D:4:      layout_cave_pods, uniq_menkaure, uniq_duvessa

Skill      XL: |  1  2  3  4  5  6  7 |
---------------+----------------------+-----
Stealth        | 6 7 8 |  8.5
Short Blades   | 3 4 |  4.9
Throwing       | 3 4 |  4.9
Fighting       | |  2.0
Dodging        | |  1.0

Action                     |  1- 3 |  4- 6 |  7- 9 || total
---------------------------+-------+-------+-------++-------
  Melee: Dagger            |   153 |    88 |    37 ||   278
         Constrict         |    11 |    22 |     5 ||    38
         Tentacles         |    40 |    13 |    16 ||    69
         Punch             |     2 |       |       ||     2
  Throw: Dart              |     1 |     6 |       ||     7
    Use: Scroll            |       |       |     1 ||     1
   Stab: Sleeping          |    13 |     7 |     3 ||    23
         Distracted        |       |     1 |       ||     1
 Armour: Skin              |     2 |     5 |     3 ||    10
  Dodge: Dodged            |    19 |    60 |    23 ||   102

Table legend: (Time is in decaauts)
 A = Elapsed time spent in this place.
 B = Non-inter-level travel time spent in this place.
 C = Inter-level travel time spent in this place.
 D = Time resting spent in this place.
 E = Time spent auto-exploring this place.
 F = Levels seen in this place.
 G = Mean time per level.
                   A        B        C        D        E       F      G
               +--------+--------+--------+--------+--------+-----+--------+
         Total |   3199 |   2819 |    380 |    687 |   1446 |   4 |  799.8 |
       Dungeon |   3199 |   2819 |    380 |    687 |   1446 |   4 |  799.8 |
               +--------+--------+--------+--------+--------+-----+--------+

Top non-repeatable levels by time:
     D:3: 1396 daAuts
     D:2: 965 daAuts
     D:1: 711 daAuts
     D:4: 125 daAuts
